 Dungeon Crawl Stone Soup version 0.28-a0-1510-gd0f6b136d3 (webtiles) character file.

Game seed: 5189106679591281210

47 tatocazan the Sneak (level 3, -1/37 HPs)
             Began as an Octopode Brigand on Jan 15, 2022.
             Slain by Terence (2 damage)
             ... on level 1 of the Dungeon.
             The game lasted 00:02:22 (1450 turns).

tatocazan the Sneak (Octopode Brigand)              Turns: 1450, Time: 00:02:23

Health: -1/37      AC: 21    Str: 12    XL:     3   Next: 70%
Magic:  3/3        EV:  2    Int: 13    God:
Gold:   39         SH:  0    Dex: 13    Spells: 2/2 levels left

rFire   . . .      SeeInvis .   a - +2 dagger
rCold   . . .      Faith    .   (no shield)
rNeg    . . .      Spirit   .   (helmet currently unavailable)
rPois   +          Reflect  .   (no amulet)
rElec   .          Harm     .   e - ring of resist corrosion
rCorr   +          Rampage  .   (no ring)
Will    .....      NoTele   +   (no ring)
Stlth   +++.......              (no ring)
HPRegen 0.12/turn               (no ring)
MPRegen 0.08/turn               (no ring)
                                (no ring)
                                (no ring)

@: tree-form
A: stationary, stasis, torment immunity, boosted hp, almost no armour,
(amphibious), 8 rings, (camouflage 1), (gelatinous body 1), (nimble swimmer 1),
(tentacles)
a: no special abilities


You were on level 1 of the Dungeon.
You were a tree.
You visited 1 branch of the dungeon, and saw 2 of its levels.

You collected 39 gold pieces.

Inventory:

Hand Weapons
 a - a +2 dagger (weapon)
Missiles
 b - 8 poisoned darts (quivered)
 c - 5 curare-tipped darts
Jewellery
 e - a ring of resist corrosion (left branch)
Scrolls
 d - 2 scrolls of teleportation {unknown}
 g - a scroll of vulnerability {unknown}
 h - a scroll of torment {unknown}
Potions
 f - a potion of lignification


   Skills:
 + Level 2.3 Fighting
 * Level 2.7 Short Blades
 + Level 2.2 Throwing
 + Level 1.4 Dodging
 * Level 6.0 Stealth


You had 2 spell levels left.
You didn't know any spells.
Your spell library was empty.

Dungeon Overview and Level Annotations

Branches:
Dungeon (2/15)

Altars:
Beogh

Annotations:
D:1 Terence


Innate Abilities, Weirdness & Mutations

You are a tree.
Your roots penetrate the ground, keeping you stationary.
You cannot be teleported.
You are immune to unholy pain and torment.
Your maximum health is greatly increased.
You cannot wear most types of armour.
((You are amphibious.))
You can wear up to eight rings at the same time.
((Your skin changes colour to match your surroundings (Stealth+).))
((Your rubbery body absorbs attacks. (AC +1, EV +1)))
((You are camouflaged when in or above water. (Stealth+)))
((You have tentacles for arms and can constrict up to eight enemies at once.))


Message History

Terence is nearby!
Terence is nearby!
Terence is nearby!
Terence shouts!
Terence barely misses you.
You completely miss Terence. Your grab misses Terence.
Terence hits you with a +0 flail.
You take 5 damage, and have 20/25 hp.
You hit Terence. Your grab misses Terence.
Terence is lightly wounded.
Terence hits you with a +0 flail!
You take 12 damage, and have 8/25 hp.
MASSIVE DAMAGE!!
You are too injured to fight recklessly!
You are too injured to fight recklessly!
There is a stone staircase leading up here.
Terence hits you with a +0 flail.
* * * LOW HITPOINT WARNING * * *
You climb upwards.
There is a stone staircase leading down here.
You take 4 damage, and have 5/25 hp.
It was a potion of lignification.
You turn into a tree.
Your roots penetrate the ground.
Terence hits you with a +0 flail!
* * * LOW HITPOINT WARNING * * *
You now have 1/37 hp.
Okay, then.
Okay, then.
You barely miss Terence. Terence hits you with a +0 flail.
* * * LOW HITPOINT WARNING * * *
You hit Terence but do no damage. Terence hits you but does no damage.
You hit Terence.
Terence is moderately wounded.
Terence shouts, "Get ready for death!"
Terence completely misses you.
You hit Terence.
Terence is moderately wounded.
Terence hits you but does no damage.
You hit Terence.
Terence is heavily wounded.
Terence hits you with a +0 flail.
You die...

.# .# .# .# .# .# .#
##########################
................♣@>......#
#####.#####......#######.#
.......# #...........# #.#
.....#.# #.......###.###.####
.....#.###..................#
.....#..##........#.####.##.#
#.#####.##........#.# #.##.#
#.# #..#........#.####.##.#
#.######.#.#####.........##.#


You could see Terence.

Vanquished Creatures
  An adder (D:2)
  2 dart slugs (D:1)
  A ball python (D:1)
  7 endoplasms
  A giant cockroach (D:1)
  2 hobgoblins (D:1)
  2 jackals (D:1)
  3 kobolds (D:1)
  A quokka (D:1)
  2 bats (D:2)
  A frilled lizard (D:2)
  4 goblins
  3 rats (D:1)
30 creatures vanquished.

Notes
Turn   | Place    | Note
-------+----------+-------------------------------------------
     0 | D:1      | tatocazan the Octopode Brigand began the quest for the Orb.
     0 | D:1      | Reached XP level 1. HP: 14/14 MP: 1/1
   372 | D:1      | Reached XP level 2. HP: 17/19 MP: 2/2
   549 | D:1      | Found a faded altar of an unknown god.
   656 | D:1      | Reached XP level 3. HP: 18/24 MP: 3/3
  1217 | D:2      | Reached skill level 6 in Stealth
  1418 | D:2      | Noticed Terence
  1445 | D:1      | HP: 1/37 [Terence (7)]
  1450 | D:1      | Slain by Terence

Illustrated notes

Levels and vault maps discovered:
D:1:      sevenhm_arrival_forest_fort_small_6, layout_basic,
          hellmonk_ecumenical_altar_defaced_shrine
D:2:      layout_loops_corners, minmay_tripent, uniq_terence, uniq_natasha

Skill      XL: |  1  2  3 |
---------------+----------+-----
Stealth        | 6 |  6.0
Fighting       | |  2.3
Short Blades   | |  2.7
Throwing       | |  2.2
Dodging        | |  1.4

Action                   || total
-------------------------++-------
Melee: Dagger            ||    56
       Constrict         ||    10
       Tentacles         ||     3
       Punch             ||     2
  Use: Potion            ||     1
 Stab: Sleeping          ||    13
Armor: Skin              ||     3
Dodge: Dodged            ||    21

Table legend: (Time is in decaauts)
 A = Elapsed time spent in this place.
 B = Non-inter-level travel time spent in this place.
 C = Inter-level travel time spent in this place.
 D = Time resting spent in this place.
 E = Time spent auto-exploring this place.
 F = Levels seen in this place.
 G = Mean time per level.
                   A        B        C        D        E       F      G
               +--------+--------+--------+--------+--------+-----+--------+
         Total |   1443 |   1397 |     46 |    458 |    713 |   2 |  721.5 |
       Dungeon |   1443 |   1397 |     46 |    458 |    713 |   2 |  721.5 |
               +--------+--------+--------+--------+--------+-----+--------+

Top non-repeatable levels by time:
     D:1: 1176 daAuts
     D:2: 266 daAuts
